 Dungeon Crawl Stone Soup version 0.31.0-32-g396128a36d (webtiles) character file.

Game seed: 6754911406053972309

420 jagang the Slasher (level 6, -12/47 HPs)
             Began as a Human Monk on Mar 15, 2024.
             Mangled by an ogre
             ... wielding a +0 giant club
              (22 damage)
             ... on level 4 of the Dungeon.
             The game lasted 00:06:12 (2832 turns).

jagang the Slasher (Human Monk)                     Turns: 2832, Time: 00:06:13

Health: -12/47     AC: 10    Str: 17    XL:     6   Next: 94%
Magic:  8/8        EV: 13    Int: 15    God:
Gold:   207        SH:  0    Dex: 17    Spells: 5/5 levels left

rFire   . . .        n - +0 falchion (flame)
rCold   + . .        d - orb {light}
rNeg    + + .        u - +3 leather armour {rC+}
rPois   .            r - +0 helmet
rElec   .            (no cloak)
rCorr   .            p - +1 pair of gloves of the Constellations {-Tele rN++ Int+4}
SInv    .            h - +0 pair of boots
Will    .....        (no amulet)
Stlth   +            e - +6 ring of strength
HPRegen 0.27/turn    (no ring)
MPRegen 0.11/turn

%: no teleportation
@: lethally poisoned (-12 -> -14), glowing
A: explore regen
a: no special abilities


You were on level 4 of the Dungeon.
You visited 1 branch of the dungeon, and saw 4 of its levels.

You collected 207 gold pieces.

Inventory:

Hand Weapons
 n - a +0 falchion of flaming (weapon)
Missiles
 b - 2 boomerangs (quivered)
Armour
 d - an orb of light (worn)
 h - a +0 pair of boots (worn)
 p - the +1 pair of gloves of the Constellations (worn) {-Tele rN++ Int+4}
   (You found it on level 2 of the Dungeon)

   Int+4:     It affects your intelligence (+4).
   rN++:      It greatly protects you from negative energy.
   -Tele:     It prevents most forms of teleportation.
 r - a +0 helmet (worn)
 u - a +3 leather armour of cold resistance (worn)
Jewellery
 e - a +6 ring of strength (left hand)
Wands
 q - a wand of polymorph (13)
 t - a wand of flame (16)
Scrolls
 a - 2 scrolls of revelation
 f - a scroll of brand weapon
 g - a scroll of poison {unknown}
 i - 2 scrolls of teleportation {unknown}
 j - a scroll of enchant armour {unknown}
 k - a scroll of fear {unknown}
 l - a scroll of summoning {unknown}
 m - a scroll of blinking {unknown}
 s - a scroll of identify
Potions
 c - a potion of ambrosia
 o - a potion of might {unknown}


   Skills:
 - Level 3.0 Fighting
 * Level 6.4 Long Blades
 - Level 3.0 Dodging
 - Level 3.3 Invocations
 + Level 1.8 Evocations


You had 5 spell levels left.
You didn't know any spells.
Your spell library was empty.

Dungeon Overview and Level Annotations

Branches:
Dungeon (4/15)
 Temple: D:4-7

Altars:
Dithmenos
Qazlal
Zin

Portals:
Abyss: D:3

Annotations:
D:3 2 transporters, mitya21's ghost, weakling OpSh
D:4 2 transporters


Innate Abilities, Weirdness & Mutations

You regain HP and MP as you explore.


Message History

An ogre comes into view. It is wielding a +0 giant club.
You throw a boomerang.
The boomerang barely misses the scorpion.
The ogre shouts!
You throw a boomerang.
The boomerang hits the scorpion but does no damage.
The scorpion is lightly wounded.
You throw a boomerang. The boomerang hits the scorpion.
The scorpion is lightly wounded.
The scorpion closely misses you.
You hit the scorpion but do no damage.
The scorpion is lightly wounded.
The scorpion stings you but does no damage.
You hit the scorpion. You burn the scorpion.
The scorpion is moderately wounded.
The scorpion stings you but does no damage.
You hit the scorpion. You burn the scorpion.
The scorpion is heavily wounded.
The scorpion stings you.
You are poisoned.
The scorpion poisons you!
You barely miss the scorpion.
The scorpion is heavily wounded.
You feel sick. The scorpion barely misses you.
The ogre hits you with a +0 giant club!
You hit the scorpion but do no damage.
The scorpion is heavily wounded.
You feel sick. The scorpion stings you. The ogre hits you with a +0 giant club!
* * * LOW HITPOINT WARNING * * *
The scorpion stings you but does no damage.
Unknown command.
You hit the ogre. You burn the ogre.
The ogre is lightly wounded.
You feel sick.
The scorpion stings you but does no damage.
You hit the ogre. You burn the ogre.
The ogre is moderately wounded.
You feel sick.
The ogre hits you with a +0 giant club!!
You die...

######. ....... .......
....... .......
.......#####
.......)...#
........s@).#...
..........O......
##........#....... ..#
.........#...../.
...##+##.......####[...
........#....<..'.......
........#.......###.###.
...>....#.......###
.###....###.#)....#


You could see an ogre and a scorpion.

Vanquished Creatures
  An ogre (D:4)
  Pargi (D:3)
  A howler monkey (D:3)
  Jessica (D:2)
  Ijyb (D:4)
  An orc wizard (D:3)
  Robin (D:3)
  3 adders
  3 ribbon worms
  10 orcs
  4 ball pythons
  9 bats
  6 endoplasms
  3 giant cockroaches
  12 goblins
  11 hobgoblins
  2 quokkas
  A frilled lizard (D:3)
  2 kobolds (D:2)
  5 rats
78 creatures vanquished.

Notes
Turn   | Place    | Note
-------+----------+-------------------------------------------
     0 | D:1      | jagang the Human Monk began the quest for the Orb.
     0 | D:1      | Reached XP level 1. HP: 18/18 MP: 1/1
   263 | D:1      | Reached XP level 2. HP: 19/24 MP: 2/2
   333 | D:1      | Reached skill level 1 in Invocations
  1036 | D:2      | Reached XP level 3. HP: 28/29 MP: 4/4
  1139 | D:2      | Reached skill level 4 in Long Blades
  1267 | D:2      | Noticed Jessica
  1274 | D:2      | Killed Jessica
  1275 | D:2      | Reached XP level 4. HP: 30/35 MP: 5/5
  1283 | D:2      | Identified the +1 pair of gloves of the Constellations
                  | {-Tele rN++ Int+4}
  1903 | D:3      | Reached skill level 5 in Long Blades
  1903 | D:3      | Reached XP level 5. HP: 41/41 MP: 5/7
  1914 | D:3      | Noticed Pargi
  1927 | D:3      | Killed Pargi
  1928 | D:3      | Reached XP level 6. HP: 33/47 MP: 8/8
  2121 | D:3      | Found a transporter.
  2123 | D:3      | Found a transporter.
  2174 | D:3      | Found a stormy altar of Qazlal.
  2264 | D:3      | Noticed Robin
  2281 | D:3      | Killed Robin
  2355 | D:3      | Reached skill level 1 in Evocations
  2363 | D:3      | Found a glowing silver altar of Zin.
  2443 | D:3      | Found a one-way gate to the infinite horrors of the Abyss.
  2453 | D:3      | Noticed mitya21's ghost (weakling OpSh)
  2494 | D:3      | Found a shadowy altar of Dithmenos.
  2699 | D:4      | Found a transporter.
  2716 | D:4      | Found a transporter.
  2758 | D:4      | Noticed Ijyb
  2772 | D:4      | Killed Ijyb
  2773 | D:4      | Reached skill level 6 in Long Blades
  2832 | D:4      | Mangled by an ogre

Illustrated notes

Levels and vault maps discovered:
D:1:      sevenhm_arrival_forest_fort_large_2, layout_basic, minmay_misc_feat_x
D:2:      layout_loops_cross, uniq_jessica
D:3:      layout_rooms, lemuel_coloured_pillars_altar,
          nicolae_overflow_hidden_temple,
          nicolae_dithmenos_through_a_glass_darkly,
          gammafunk_ghost_abyssal_escape, st_stairs_1,
          minmay_misc_feat_secret_circle, minivault_25, grunt_ministairs_6,
          uniq_pargi, uniq_robin
D:4:      gammafunk_steamed_eel, layout_basic, uniq_ijyb

Skill      XL: |  1  2  3  4  5  6 |
---------------+-------------------+-----
Invocations    | 1 2 3 |  3.3
Long Blades    | 4 5 6 |  6.4
Evocations     | 1 |  1.8
Fighting       | |  3.0
Dodging        | |  3.0

Action                     |  1- 3 |  4- 6 || total
---------------------------+-------+-------++-------
  Melee: Falchion          |    71 |   145 ||   216
  Throw: Boomerang         |       |     6 ||     6
    Use: Scroll            |       |     2 ||     2
 Armour: Robe              |    35 |    38 ||    73
         Leather armour    |       |    50 ||    50
         Ring mail         |       |    10 ||    10
  Dodge: Dodged            |    49 |   118 ||   167
